Map: Oxide LE

Players

Nice

  • Race: Protoss Protoss

ButAlways - Winner!

  • Race: Protoss Protoss

Event: DreamHack SC2 Masters 2021 Fall

VOD

Have the link to the VOD?

Description

Time

  • Played on: July 30, 2021, 7:06 a.m.
  • Length: 3:45

All games in this series

Show
View Real Time Build Order
Export as new Build Order

Nice Protoss 

Build Orders: 1 Gate Expand 

Get SALT Encoding   

  12  0:00  Probe  
  13  0:12  Probe  
  14  0:18  Pylon  
  14  0:24  Probe  
  15  0:37  Gateway, Probe (Chrono Boost)  
  16  0:47  Assimilator, Probe (Chrono Boost)  
  17  0:52  Probe (Chrono Boost)  
  18  1:03  Probe  
  19  1:15  Probe  
  20  1:23  Nexus  
  20  1:34  Cybernetics Core  
  20  1:38  Zealot (Chrono Boost)  
  22  1:46  Pylon  
  22  1:51  Probe  
  23  1:59  Pylon  
  23  2:08  Stalker (Chrono Boost)  
  25  2:16  Shield Battery  
  25  2:24  Shield Battery  
  25  2:29  Shield Battery  
  25  2:39  Stalker (Chrono Boost)  
  27  2:48  Shield Battery  
  25  2:59  Pylon  
  25  3:02  Stalker (Chrono Boost)  
  27  3:10  Shield Battery  
Show
View Real Time Build Order
Export as new Build Order

ButAlways Protoss - Winner!

Build Orders: Proxy Void Ray 

Get SALT Encoding   

  12  0:08  Pylon  
  12  0:12  Probe  
  13  0:26  Gateway  
  13  0:29  Probe (Chrono Boost)  
  14  0:39  Probe (Chrono Boost)  
  15  0:43  Assimilator  
  15  0:44  Probe (Chrono Boost)  
  15  0:49  Assimilator  
  16  0:56  Probe  
  17  1:08  Probe  
  18  1:15  Cybernetics Core, Zealot  
  20  1:20  Probe  
  21  1:28  Pylon  
  21  1:32  Probe  
  23  1:52  Stargate  
  22  1:54  Stalker (Chrono Boost)  
  24  2:01  Shield Battery  
  24  2:09  Shield Battery  
  24  2:13  Shield Battery  
  24  2:19  Shield Battery  
  24  2:28  Void Ray (Chrono Boost)  
  26  2:48  Shield Battery  
  26  2:50  Shield Battery  
  26  2:58  Void Ray  
  30  3:09  Shield Battery  
  30  3:16  Shield Battery  
  30  3:19  Pylon  

Tags
 
Add a new tag
Caveats
  • Supply blocks, unpowered buildings, or Contaminate may cause inaccurate times.
  • Supply counts are checked every 10 seconds.